Unix NetHack Version 5.0.0-0 post-release - last build May  4 2026 22:22:43 (774f63e81ad911689b3a0859ea89b322d5daca8d,branch:main).

Game began 2026-05-08 10:19:56, ended 2026-05-08 10:30:09.

31245981910, neutral male gnomish Wizard

            -----
            |...|
            |..%|
            |...|
         ###-%..|
         #  |...|
         #  |...|
         #  -|---
         #   ##
         #    ##
 ------- #     #
 |.....-##     #
 |.....|       f
 |.....|      -@-
 |....<|     |....
 -------     |....|
             |....|
             |.....
             ------

31245981910 the Conjurer  St:11 Dx:14 Co:13 In:17 Wi:12 Ch:8  Neutral
Dlvl:3  $:16 HP:0(25) Pw:29(29) AC:10 Xp:3 T:1096 

Latest messages:
 You already found a monster.  Use 'm' prefix to force another search.
 You already found a monster.  Use 'm' prefix to force another search.
 You already found a monster.  Use 'm' prefix to force another search.
 You already found a monster.  Use 'm' prefix to force another search.
 You already found a monster.  Use 'm' prefix to force another search.
 You already found a monster.  Use 'm' prefix to force another search.
 You already found a monster.  Use 'm' prefix to force another search.
 You already found a monster.  Use 'm' prefix to force another search.
 You already found a monster.  Use 'm' prefix to force another search.
 You already found a monster.  Use 'm' prefix to force another search.
 You already found a monster.  Use 'm' prefix to force another search.
 You already found a monster.  Use 'm' prefix to force another search.
 You already found a monster.  Use 'm' prefix to force another search.
 You already found a monster.  Use 'm' prefix to force another search.
 You already found a monster.  Use 'm' prefix to force another search.
 You already found a monster.  Use 'm' prefix to force another search.
 You already found a monster.  Use 'm' prefix to force another search.
 You already found a monster.  Use 'm' prefix to force another search.
 You already found a monster.  Use 'm' prefix to force another search.
 You already found a monster.  Use 'm' prefix to force another search.
 You already found a monster.  Use 'm' prefix to force another search.
 You already found a monster.  Use 'm' prefix to force another search.
 You already found a monster.  Use 'm' prefix to force another search.
 You hit the newt.
 You knock the newt backward with a powerful strike!
 The newt bites!
 You kill the newt!
 You kill the newt!
 There is a doorway here.
 You see here 2 newt corpses.
 There are 2 newt corpses here; eat one? [ynq] (n) y
 This newt corpse is fatty.
 You finish eating the newt corpse.
 There is a newt corpse here; eat it? [ynq] (n) y
 This newt corpse is tough.
 You finish eating the newt corpse.
 You hear a slow drip.
 You hit the gas spore.
 You hit the gas spore.
 You miss the gas spore.
 You miss the gas spore.
 You kill the gas spore!
 Boom!
 You are caught in the gas spore's explosion!
 It is fatal.
 Do you want your possessions identified? [ynq] (y) y
 Do you want to see your attributes? [ynq] (y) y
 Do you want an account of creatures vanquished? [ynaq] (y) y
 Do you want to see your conduct and achievements? [ynq] (y) y
 Do you want to see the dungeon overview? [ynq] (y) y

Inventory:
 Coins    ('$')
  $ - 16 gold pieces
 Weapons  (')')
  a - a blessed +1 quarterstaff (weapon in hands)
 Comestibles  ('%')
  q - an uncursed slime mold
  o - 2 uncursed tins of french fried newt meat
 Scrolls  ('?')
  i - an uncursed scroll of destroy armor
  k - an uncursed scroll of remove curse
 Spellbooks  ('+')
  m - an uncursed spellbook of magic missile
 Potions  ('!')
  g - an uncursed potion of extra healing
  f - an uncursed potion of healing
  h - an uncursed potion of water
 Rings    ('=')
  d - an uncursed ring of poison resistance
 Tools    ('(')
  n - a magic marker (0:19)
  s - a cursed skeleton key
 Gems/Stones  ('*')
  t - an uncursed worthless piece of black glass

31245981910 the Wizard's attributes:

Background:
 You were a Conjurer, a level 3 male gnomish Wizard.
 You were neutral, nominally on a mission for Thoth
 who was opposed by Ptah (lawful) and Anhur (chaotic).
 You were left-handed.
 You were in the Dungeons of Doom, on level 3.
 You entered the dungeon 1096 turns ago.
 You had 74 experience points, 6 more were needed to attain level 4.

Basics:
 You had 0 out of 25 hit points.
 You had all 29 energy points (spell power).
 Your armor class was 10.
 Your wallet contained 16 zorkmids.
 Autopickup was off.

Final Characteristics:
 Your strength was 11 (limit:18/50).
 Your dexterity was 14 (limit:18).
 Your constitution was 13 (limit:18).
 Your intelligence was 17 (limit:19).
 Your wisdom was 12 (limit:18).
 Your charisma was 8 (limit:18).

Final Status:
 You weren't hungry.
 You were unencumbered.
 You were wielding a quarterstaff.
 You had basic skill with quarterstaff.
 You weren't wearing any armor.

Final Attributes:
 You were fervently aligned.
 You had infravision.
 You are dead.

Miscellaneous:
 You didn't encounter any bones levels.
 Total elapsed playing time was 10 minutes and 12 seconds.

Major events:
 Turn
    1: 31245981910 the neutral male gnomish Wizard entered the dungeon
  503: attained the rank of Conjurer (level 3)
 1096: killed by a gas spore's explosion

Spells:
 Name                 Level Category     Fail Retention
 force bolt             1   attack         0%  91%-100%
 magic missile          2   attack         0%  91%-100%

Skills:
 Fighting Skills
   bare handed combat [Unskilled]
   riding             [Unskilled]
 Weapon Skills
   dagger             [Unskilled]
   knife              [Unskilled]
   axe                [Unskilled]
   short sword        [Unskilled]
   club               [Unskilled]
   mace               [Unskilled]
   quarterstaff       [Basic]
   polearms           [Unskilled]
   spear              [Unskilled]
   trident            [Unskilled]
   sling              [Unskilled]
   dart               [Unskilled]
   shuriken           [Unskilled]
 Spellcasting Skills
   attack spells      [Basic]
   healing spells     [Unskilled]
   divination spells  [Unskilled]
   enchantment spells [Basic]
   clerical spells    [Unskilled]
   escape spells      [Unskilled]
   matter spells      [Unskilled]

Voluntary challenges:
 Character rerolling was not enabled.
 You were an atheist.
 You were illiterate.
 You never genocided any monsters.
 You never polymorphed an object.
 You never changed form.
 You used no wishes.
Achievements:
 You attained the rank of Conjurer.
 You entered a shop.

 The Dungeons of Doom: levels 1 to 3
    Level 1:
    Level 2:
       A general store, many fountains, many trees.
    Level 3: <- You were here.
       Final resting place for
          you, killed by a gas spore's explosion.


Vanquished creatures:
  7 wood nymphs
  a giant bat
  a gas spore
  a hobbit
  a giant rat
  4 jackals
  a kobold
  a goblin
  5 grid bugs
  a lichen
  6 newts
29 creatures vanquished.

No species were genocided or became extinct.

Game over:
                       ----------
                      /          \
                     /    REST    \
                    /      IN      \
                   /     PEACE      \
                  /                  \
                  |   31245981910    |
                  |      16 Au       |
                  | killed by a gas  |
                  |     spore's      |
                  |    explosion     |
                  |                  |
                  |       2026       |
                 *|     *  *  *      | *
        _________)/\\_//(\/(/\)/\//\/|_)_______

Goodbye 31245981910 the Wizard...

You died in The Dungeons of Doom on dungeon level 3 with 411 points,
and 16 pieces of gold, after 1096 moves.
You were level 3 with a maximum of 25 hit points when you died.

